 Dungeon Crawl Stone Soup version 0.28-a0-1130-gc51a68064b (webtiles) character file.

Game seed: 15038475149686681301

3848 mcbry74 the Grappler (level 9, 0/80 HPs)
             Began as a Troll Berserker on Dec 12, 2021.
             Was a High Priest of Trog.
             Slain by a yak (6 damage)
             ... on level 8 of the Dungeon.
             The game lasted 00:23:07 (6747 turns).

mcbry74 the Grappler (Troll Berserker)              Turns: 6747, Time: 00:23:09

Health: 0/80       AC:  6    Str: 29    XL:     9   Next: 98%
Magic:  8/8        EV: 10    Int:  5    God:    Trog [*****.]
Gold:   461        SH:  0    Dex:  9    Spells: 8/8 levels left

rFire   + . .      SeeInvis .     - Unarmed
rCold   + . .      Faith    .   (no shield)
rNeg    . . .      Spirit   .   s - +2 robe {Will+}
rPois   .          Reflect  .   (helmet restricted)
rElec   .          Harm     .   j - scarf {rC+ rF+}
rCorr   .          Rampage  .   (gloves unavailable)
Will    +++..                   (boots unavailable)
Stlth   +.........              d - amulet of regeneration
HPRegen 2.83/turn               (no ring)
MPRegen 0.11/turn               (no ring)

@: strong-willed, regenerating
A: large, unfitting armour, claws 3, regeneration 1, shaggy fur 1, tough skin 1
a: Renounce Religion, Berserk, Trog's Hand, Brothers in Arms


You were on level 8 of the Dungeon.
You worshipped Trog.
Trog was extremely pleased with you.
You visited 1 branch of the dungeon, and saw 8 of its levels.
You also visited: Sewer and Ossuary.

You collected 461 gold pieces.

Inventory:

Hand Weapons
 k - a +1 spear of venom
 r - a +2 scimitar of flaming
Missiles
 f - 212 stones (quivered)
 i - 43 sling bullets
 l - 3 throwing nets
 C - 8 boomerangs
 D - 2 silver boomerangs
Armour
 a - a +0 animal skin
 j - a scarf of resistance (worn)
 o - a scarf of invisibility
 p - a +0 tower shield
 s - a +2 robe of willpower (worn)
 v - +1 steam dragon scales
Jewellery
 d - an amulet of regeneration (around neck)
 e - a +4 ring of evasion
 w - a ring of flight
Wands
 q - a wand of acid (8)
 t - a wand of mindburst (19)
 y - a wand of polymorph (5)
Scrolls
 c - 3 scrolls of teleportation
 n - 3 scrolls of fog
 z - 2 scrolls of magic mapping {unknown}
 B - a scroll of blinking {unknown}
Potions
 b - 2 potions of curing
 g - 2 potions of heal wounds {unknown}
 h - 3 potions of brilliance {unknown}
 m - a potion of degeneration {unknown}
 u - 2 potions of flight {unknown}
 A - 2 potions of ambrosia {unknown}
Miscellaneous
 x - a piece from Xom's chessboard (15/15)


   Skills:
 - Level 2.4 Fighting
 + Level 4.6 Throwing
 + Level 5.0 Dodging
 + Level 11.4 Unarmed Combat
 + Level 3.9 Evocations


You had 8 spell levels left.
You didn't know any spells.
Your spell library was empty.

Dungeon Overview and Level Annotations

Branches:
Dungeon (8/15)             Temple (0/1) D:7           Sewer (visited)
Ossuary (visited)
   Lair: D:8-11

Altars:

Shops:
D:2 (   D:6 *!!


Innate Abilities, Weirdness & Mutations

You are too large for most types of armour.
You have claws for hands.
Your natural rate of healing is unusually fast.
You are covered in fur. (AC +1)
You have tough skin. (AC +1)


Message History

The yak bellows!
You scratch the yak.
The yak is lightly wounded.
The yak barely misses you.
You scratch the yak but do no damage.
The yak is lightly wounded.
The yak gores you.
A yak comes into view.
The yak bellows!
You mangle the yak!! You claw the yak!
The yak is almost dead.
The yak gores you!
You closely miss the yak.
The yak is almost dead.
The yak gores you! The yak closely misses you.
You mangle the yak!!
You kill the yak!
Trog accepts your kill. The yak gores you!
You completely miss the yak. The yak gores you.
You scratch the yak.
The yak is lightly wounded.
The yak barely misses you. The yak gores you. The yak closely misses you.
You claw the yak!
The yak is moderately wounded.
The yak closely misses you. x2; The yak gores you.
You scratch the yak. Your claw misses the yak.
The yak is moderately wounded.
The yak gores you but does no damage. The yak gores you! x2
The yak barely misses you. The yak gores you.
* * * LOW HITPOINT WARNING * * *
The yak barely misses you.
You fail to use your ability.
You feel yourself speed up. The yak gores you!
* * * LOW HITPOINT WARNING * * *
The yak misses you. The yak gores you!
* * * LOW HITPOINT WARNING * * *
The yak gores you.
You die...

#########
......Y@#######
......YYY..$...
.....$.Y.......
...............
.........$.....
.....###.......
..... .......
..... .......
.... .......


You could see 5 yaks.

Vanquished Creatures
  A manticore (D:7)
  Maggie (D:6)
  Sigmund (D:6)
  A wyvern (D:8)
  A yak (D:8)
  Eustachio (D:6)
  2 water moccasins
  Pargi (Sewer)
  An orc warrior (D:7)
  A black bear (D:7)
  A hornet zombie (D:8)
  A necrophage (D:6)
  2 centaurs
  Blork the orc (D:5)
  2 elf zombies (Ossuary)
  2 gnoll sergeants
  2 bullfrogs
  A wyvern skeleton (D:6)
  2 scorpions (D:5)
  4 wights (D:7)
  2 centaur zombies
  3 jellies
  A gnoll shaman (D:5)
  An orc priest (D:4)
  A bullfrog skeleton (D:7)
  2 centaur skeletons
  2 human zombies
  Natasha (thrice) (D:3)
  4 iguanas
  5 orc wizards
  2 mummies (Ossuary)
  17 gnolls
  2 adders
  A white imp (D:5)
  An adder zombie (Ossuary)
  An adder skeleton (D:4)
  4 worms
  3 dart slugs
  20 orcs
  7 endoplasms
  2 giant cockroaches
  11 goblins
  4 hobgoblins
  3 jackals (D:5)
  5 quokkas
  5 ball pythons
  14 bats
  3 frilled lizards (D:1)
  A goblin zombie (Ossuary)
  9 hobgoblin zombies (Ossuary)
  A jackal zombie (Ossuary)
  8 kobolds
  11 kobold zombies (Ossuary)
  7 orc zombies (Ossuary)
  6 rats
  4 rat zombies
205 creatures vanquished.

Notes
Turn   | Place    | Note
-------+----------+-------------------------------------------
     0 | D:1      | mcbry74 the Troll Berserker began the quest for the Orb.
     0 | D:1      | Reached XP level 1. HP: 22/22 MP: 0/0
   246 | D:1      | Reached XP level 2. HP: 29/29 MP: 1/1
   361 | D:1      | Found a faded altar of an unknown god.
   527 | D:1      | Reached skill level 4 in Unarmed Combat
   730 | D:1      | Reached ** piety under Trog
   855 | D:1      | Reached XP level 3. HP: 36/36 MP: 2/2
  1028 | D:2      | You fall into a shaft and drop 2 floors!
  1278 | D:3      | Reached skill level 5 in Unarmed Combat
  1278 | D:3      | Reached XP level 4. HP: 13/44 MP: 3/3
  1460 | D:3      | Reached XP level 5. HP: 43/50 MP: 4/4
  1562 | D:3      | Found a glowing drain.
  1574 | Sewer    | Entered a sewer
  1626 | Sewer    | Noticed Pargi
  1637 | Sewer    | Killed Pargi
  1638 | Sewer    | Reached skill level 6 in Unarmed Combat
  1872 | D:3      | Noticed Natasha
  1881 | D:3      | Killed Natasha
  1882 | D:3      | Reached XP level 6. HP: 53/59 MP: 5/5
  2264 | D:3      | Noticed Natasha
  2268 | D:3      | Killed Natasha
  2269 | D:3      | Reached skill level 7 in Unarmed Combat
  2606 | D:2      | Reached *** piety under Trog
  2816 | D:2      | Found Egyx's Weapon Emporium.
  3177 | D:3      | Noticed Natasha
  3183 | D:3      | Killed Natasha
  3525 | D:4      | Reached skill level 8 in Unarmed Combat
  3568 | D:4      | Reached XP level 7. HP: 29/66 MP: 6/6
  3936 | D:5      | Entered Level 5 of the Dungeon
  4074 | D:5      | Reached skill level 9 in Unarmed Combat
  4561 | D:5      | Reached XP level 8. HP: 74/74 MP: 7/7
  4561 | D:5      | Noticed Blork the orc
  4571 | D:5      | Killed Blork the orc
  4572 | D:5      | Reached skill level 10 in Unarmed Combat
  4803 | D:5      | Reached **** piety under Trog
  4855 | D:6      | Reached skill level 1 in Throwing
  4860 | D:6      | Found Nepanasti's Assorted Antiques.
  4880 | D:6      | Reached skill level 1 in Evocations
  4930 | D:6      | Noticed Maggie
  4948 | D:6      | Killed Maggie
  4972 | D:6      | Found Ynlap's Distillery.
  5014 | D:6      | Noticed Eustachio
  5050 | D:6      | Killed Eustachio
  5051 | D:6      | Reached XP level 9. HP: 80/80 MP: 8/8
  5078 | D:6      | Found a sand-covered staircase.
  5090 | Ossuary  | Entered an ossuary
  5257 | Ossuary  | Identified the +0 helmet "Mogag" {Dex+6}
  5321 | Ossuary  | Reached ***** piety under Trog
  5577 | D:6      | Found Paquluh's Distillery.
  5595 | D:6      | Noticed Sigmund
  5605 | D:6      | Killed Sigmund
  5807 | D:7      | Noticed a manticore
  5831 | D:7      | Reached skill level 11 in Unarmed Combat
  6101 | D:7      | Killed a manticore
  6109 | D:7      | Found a staircase to the Ecumenical Temple.
  6682 | D:8      | Reached skill level 5 in Dodging
  6747 | D:8      | Slain by a yak

Illustrated notes

Levels and vault maps discovered:
D:1:      amcnicky_arrival_feature_with_door, layout_basic,
          chequers_ecumenical_altar_grove
D:2:      layout_basic, serial_shops, shop_statue, minivault_11,
          small_statue_intersection
D:3:      layout_basic, gup_sewer_entry_bubbles, minmay_misc_feat_rows,
          uniq_natasha
D:4:      layout_gridville
D:5:      layout_basic, uniq_blork_the_orc
D:6:      layout_cave_pools, enter_ossuary_3, serial_shops,
          nicolae_shop_waterfront, shop, nicolae_shop_trees,
          hellmonk_bongcloud_opening, eino_small_chamber_without_monster,
          uniq_sigmund, uniq_maggie, uniq_eustachio
D:7:      layout_cave_pools, minmay_temple_entry_purple_smoke
D:8:      layout_basic, mainiacjoe_overflow_six_doors_small,
          minmay_shattered_shrine

Skill      XL: |  1  2  3  4  5  6  7  8  9 |
---------------+----------------------------+-----
Unarmed Combat | 4 5 6 8 9 10 11 | 11.4
Throwing       | 2 4 |  4.6
Evocations     | 2 3 |  3.9
Dodging        | 3 5 |  5.0
Fighting       | |  2.4

Action                   |  1- 3 |  4- 6 |  7- 9 || total
-------------------------+-------+-------+-------++-------
Melee: Unarmed           |   115 |   156 |   335 ||   606
       Punch             |     3 |     5 |    11 ||    19
Throw: Stone             |       |     2 |     5 ||     7
Invok: Berserk           |       |     1 |     2 ||     3
       Trog's Hand       |       |       |     4 ||     4
  Use: Potion            |       |     1 |     1 ||     2
       Scroll            |       |       |     6 ||     6
Armor: Animal skin       |    56 |    61 |    22 ||   139
       Skin              |       |       |    70 ||    70
       Robe              |       |       |    54 ||    54
Dodge: Dodged            |    63 |    69 |   143 ||   275

Table legend: (Time is in decaauts)
 A = Elapsed time spent in this place.
 B = Non-inter-level travel time spent in this place.
 C = Inter-level travel time spent in this place.
 D = Time resting spent in this place.
 E = Time spent auto-exploring this place.
 F = Levels seen in this place.
 G = Mean time per level.
                   A        B        C        D        E       F      G
               +--------+--------+--------+--------+--------+-----+--------+
         Total |   6713 |   6329 |    384 |    485 |   3775 |  10 |  671.3 |
       Dungeon |   6361 |   5977 |    384 |    485 |   3675 |   8 |  795.1 |
         Sewer |    108 |    108 |      0 |      0 |     20 |   1 |  108.0 |
       Ossuary |    243 |    243 |      0 |      0 |     80 |   1 |  243.0 |
               +--------+--------+--------+--------+--------+-----+--------+

Top non-repeatable levels by time:
     D:3: 1172 daAuts
     D:2: 951 daAuts
     D:5: 923 daAuts
     D:1: 915 daAuts
     D:4: 791 daAuts
     D:6: 711 daAuts
     D:7: 631 daAuts
     D:8: 264 daAuts
 Ossuary: 243 daAuts
   Sewer: 108 daAuts
